Map: Lightshade LE

Players

TopFivHotKys - Winner!

  • Race: Terran Terran
  • League: Diamond
  • Spawn Location: 5:00

KAMELLOT

  • Race: Zerg Zerg
  • League: Platinum
  • Spawn Location: 11:00

VOD

Have the link to the VOD?

Description

Time

  • Played on: April 1, 2021, 8:39 p.m.
  • Length: 23:42
Show
View Real Time Build Order
Export as new Build Order

TopFivHotKys Terran - Winner!

Build Orders:  

Get SALT Encoding   

  12  0:00  SCV  
  13  0:12  SCV  
  14  0:20  Supply Depot  
  14  0:24  SCV  
  15  0:42  SCV  
  16  0:45  Barracks  
  16  0:54  SCV  
  17  1:06  SCV  
  18  1:13  Engineering Bay  
  18  1:17  Supply Depot  
  18  1:18  SCV  
  19  1:39  Bunker, Marine  
  20  1:45  Refinery  
  20  1:47  Refinery  
  20  1:48  SCV  
  21  2:00  SCV  
  22  2:12  SCV  
  23  2:17  Marine  
  24  2:24  SCV  
  25  2:36  SCV  
  26  2:49  Command Center  
  26  2:50  Marine  
  27  3:16  Engineering Bay  
  27  3:19  Marine  
  28  3:35  Factory  
  28  3:36  Marine  
  29  3:47  Planetary Fortress  
  29  3:53  Supply Depot  
  29  4:09  Supply Depot  
  29  4:12  Bunker  
  29  4:20  Planetary Fortress  
  29  4:27  SCV  
  30  4:38  Starport  
  30  4:40  SCV  
  31  4:59  SCV  
  32  5:10  SCV  
  32  5:11  SCV  
  34  5:16  Command Center  
  34  5:20  Starport Tech Lab  
  34  5:28  SCV x2  
  36  5:37  Refinery  
  36  5:40  SCV  
  37  5:45  Barracks  
  37  5:48  SCV  
  38  5:51  Viking  
  40  5:57  SCV  
  40  6:01  SCV  
  42  6:09  SCV  
  43  6:11  Refinery  
  43  6:13  SCV  
  44  6:19  Widow Mine  
  44  6:21  SCV  
  44  6:25  Engineering Bay  
  47  7:00  SCV  
  49  7:02  Banshee  
  49  7:06  SCV  
  49  7:07  SCV  
  53  7:13  SCV  
  54  7:17  Widow Mine  
  54  7:18  SCV  
  54  7:21  Planetary Fortress  
  57  7:25  SCV  
  58  7:30  SCV  
  59  7:37  SCV  
  59  7:39  Widow Mine  
  59  7:42  SCV  
  63  7:46  Armory  
  63  7:48  Command Center  
  63  7:50  Banshee  
  65  8:20  Missile Turret  
  65  8:34  SCV x3  
  68  8:42  Command Center  
  68  8:46  SCV x2  
  56  9:00  SCV x2  
  52  9:10  Command Center  
  52  9:12  SCV x3  
  55  9:18  Refinery  
  55  9:23  Starport  
  55  9:24  SCV x3, Widow Mine, Starport  
  57  9:25  Starport  
  60  9:32  Marine  
  60  9:36  SCV  
  60  9:37  SCV x2  
  66  9:45  Widow Mine  
  66  9:49  SCV  
  66  9:50  Marine  
  65  10:01  SCV  
  65  10:07  Widow Mine  
  68  10:08  Marine  
  69  10:22  SCV  
  69  10:26  Marine  
  69  10:28  Widow Mine  
  73  10:34  SCV  
  74  10:37  Planetary Fortress  
  74  10:39  Missile Turret  
  74  10:45  Refinery  
  74  10:46  SCV  
  75  10:57  Starport Tech Lab x2  
  75  10:58  Starport Tech Lab, SCV  
  75  11:02  Widow Mine  
  78  11:10  SCV  
  79  11:21  Raven x2  
  79  11:23  SCV  
  84  11:46  Missile Turret x2  
  84  11:49  Missile Turret  
  84  11:50  Planetary Fortress  
  84  11:52  Missile Turret  
  84  11:55  Missile Turret  
  84  11:56  Missile Turret  
  84  11:58  Missile Turret  
  84  12:19  Factory Tech Lab  
  84  12:25  Factory  
  84  12:27  Factory  
  84  12:28  SCV, Factory  
  83  12:40  SCV  
  84  12:49  Supply Depot  
  84  12:50  Supply Depot  
  84  12:54  Command Center  
  84  13:05  Supply Depot  
  84  13:07  Supply Depot  
  84  13:10  Raven  
  84  13:11  SCV, Supply Depot  
  87  13:23  SCV  
  88  13:35  Factory Tech Lab x3, Thor  
  94  13:43  SCV  
  89  13:55  SCV, Thor x2, Missile Turret  
  90  13:57  Missile Turret  
  90  14:00  Missile Turret  
  102  14:05  Orbital Command  
  102  14:07  SCV  
  103  14:11  Supply Depot  
  103  14:14  SCV, Supply Depot  
  103  14:15  Supply Depot  
  104  14:26  SCV  
  105  14:38  SCV  
  106  14:40  Thor x2  
  118  14:50  SCV  
  119  14:56  Missile Turret  
  119  15:02  SCV  
  119  15:03  Planetary Fortress  
  120  15:11  Missile Turret  
  120  15:12  Missile Turret  
  113  15:48  Refinery  
  113  15:49  Thor x4, Missile Turret, Refinery  
  137  15:58  Supply Depot  
  137  16:01  SCV, Supply Depot  
  138  16:04  Supply Depot  
  138  16:07  Ghost Academy  
  138  16:13  SCV  
  139  16:25  SCV  
  139  16:28  Command Center  
  139  16:31  Thor  
  146  16:33  Ghost Academy  
  146  16:39  Barracks Tech Lab  
  146  16:56  Sensor Tower  
  146  16:57  Personal Cloaking  
  146  17:00  Ghost  
  148  17:01  Ghost Academy  
  148  17:03  Nuke  
  148  17:07  SCV  
  149  17:19  SCV  
  149  17:20  Medivac x3  
  149  17:21  Medivac  
  158  17:28  Ghost  
  160  17:31  SCV  
  161  17:43  SCV  
  162  17:48  Thor x4  
  186  17:55  SCV  
  186  17:57  Ghost  
  189  18:17  Missile Turret  
  189  18:23  Corvid Reactor  
  189  18:26  Viking x4  
  197  18:30  Ghost  
  197  18:32  Nuke x2  
  197  18:56  Viking  
  181  19:47  Command Center x2  
  175  20:00  Thor  
  175  20:01  Thor x3  
  175  20:05  Nuke  
  175  20:06  Nuke x2  
  197  21:12  Planetary Fortress  
  140  22:45  Thor  
  140  22:46  Ghost, Thor x2  
Show
View Real Time Build Order
Export as new Build Order

KAMELLOT Zerg 

Build Orders: Pool First 

Get SALT Encoding   

  12  0:00  Drone  
  13  0:13  Overlord  
  13  0:17  Drone  
  14  0:32  Drone x2  
  16  0:36  Drone  
  17  0:46  Extractor  
  17  0:49  Spawning Pool  
  15  0:52  Drone  
  16  1:02  Drone  
  17  1:16  Extractor  
  17  1:29  Extractor  
  17  1:38  Queen  
  19  1:41  Hatchery  
  19  1:45  Zergling x6  
  21  1:53  Baneling Nest  
  20  2:02  Drone  
  22  2:29  Overlord  
  22  2:47  Hatchery  
  22  2:49  Zergling x6  
  24  3:04  Baneling  
  24  3:06  Baneling x2  
  24  3:11  Drone x3  
  27  3:22  Baneling x2  
  27  3:25  Hatchery  
  26  3:36  Baneling  
  26  3:38  Drone x2  
  26  3:39  Drone  
  29  3:42  Extractor  
  29  3:46  Drone  
  29  3:48  Drone  
  30  3:49  Overlord  
  24  4:10  Drone x2  
  27  4:17  Drone x3  
  29  4:25  Lair  
  29  4:32  Hatchery  
  28  4:38  Drone  
  28  4:39  Drone  
  28  4:40  Queen  
  28  4:41  Extractor  
  31  4:48  Drone  
  32  4:55  Extractor, Drone x5  
  36  5:12  Evolution Chamber  
  35  5:17  Drone  
  35  5:18  Drone x2  
  35  5:19  Drone  
  39  5:28  Drone  
  40  5:30  Drone  
  40  5:32  Drone x2  
  40  5:34  Drone  
  44  5:36  Overlord  
  44  5:41  Zerg Ground Armor Level 1  
  44  5:44  Centrifical Hooks  
  44  5:57  Zergling x10  
  44  5:58  Zergling x6  
  52  6:09  Drone x2  
  52  6:10  Drone x3  
  57  6:28  Baneling  
  57  6:29  Baneling x14  
  57  6:40  Overlord x2  
  57  6:41  Overlord  
  57  6:46  Nydus Network  
  56  6:51  Nydus Network  
  53  7:04  Zergling x2  
  53  7:05  Zergling x24  
  66  7:15  Burrow  
  66  7:21  Zergling x4  
  68  7:32  Baneling  
  68  7:33  Baneling x22  
  68  7:42  Overseer  
  68  7:55  Zergling x4  
  68  7:56  Zergling x4, Overlord x3  
  72  8:02  Overseer  
  72  8:23  Nydus Canal  
  72  8:26  Nydus Canal  
  72  8:36  Zergling x24  
  65  9:08  Baneling x7  
  65  9:09  Baneling  
  65  9:12  Baneling x14  
  65  9:13  Baneling x10  
  65  9:18  Baneling x4  
  65  9:30  Nydus Canal  
  65  9:32  Nydus Canal  
  65  9:40  Hatchery  
  65  9:43  Spire  
  49  10:02  Spore Crawler  
  49  10:03  Spore Crawler  
  49  10:05  Spore Crawler x2  
  45  10:08  Spore Crawler x2  
  45  10:09  Drone x3  
  45  10:10  Drone  
  45  10:11  Spore Crawler x2  
  45  10:12  Spore Crawler  
  44  10:14  Spore Crawler  
  44  10:17  Spore Crawler  
  44  10:18  Spore Crawler  
  39  10:21  Spore Crawler x2  
  39  10:24  Spore Crawler  
  39  10:27  Drone x4  
  37  10:35  Drone  
  37  10:36  Drone x2  
  40  10:58  Corruptor  
  40  10:59  Corruptor  
  44  11:16  Drone x2  
  44  11:17  Drone x8  
  54  11:33  Spore Crawler  
  53  11:43  Overseer x2  
  53  11:52  Zergling x8  
  53  11:53  Zergling x2  
  57  11:55  Corruptor x3  
  57  11:56  Corruptor  
  64  12:30  Corruptor x6  
  64  12:35  Drone x2  
  78  12:40  Spine Crawler  
  77  12:45  Drone x5  
  82  13:17  Mutalisk x7  
  91  13:49  Drone x2  
  91  13:56  Infestation Pit  
  91  13:57  Zerg Flyer Armor Level 1  
  91  13:59  Drone x6  
  96  14:03  Extractor  
  96  14:04  Overlord x3  
  96  14:07  Extractor  
  94  14:15  Drone  
  94  14:16  Drone  
  96  14:19  Overseer  
  96  14:30  Hatchery  
  95  14:46  Nydus Canal  
  94  15:04  Nydus Canal  
  94  15:07  Overseer  
  93  15:26  Queen  
  77  15:45  Drone x11  
  77  15:48  Drone  
  77  15:49  Drone x11  
  100  15:51  Zerg Flyer Weapons Level 1  
  100  15:52  Drone x3  
  100  15:53  Mutalisk x3  
  109  16:17  Drone  
  110  16:19  Drone  
  110  16:20  Drone x5  
  116  16:40  Nydus Canal  
  116  16:45  Nydus Canal  
  116  16:50  Hive  
  116  17:04  Spine Crawler  
  116  17:05  Spine Crawler  
  116  17:06  Spine Crawler  
  116  17:07  Spine Crawler  
  116  17:08  Spine Crawler x2  
  110  17:09  Spine Crawler  
  110  17:11  Spine Crawler  
  108  17:22  Hatchery  
  107  17:23  Extractor  
  106  17:38  Spire  
  106  17:39  Zergling x16  
  106  17:40  Zergling x10  
  106  17:42  Overlord x7  
  106  17:43  Overlord x3  
  118  17:45  Zerg Flyer Armor Level 2  
  118  17:59  Nydus Canal  
  117  18:28  Infestor x4  
  117  18:29  Infestor  
  127  18:42  Zerg Missile Weapons Level 1  
  119  18:52  Infestor x5  
  114  19:00  Swarm Host x6  
  146  19:07  Greater Spire  
  109  20:18  Spine Crawler  
  109  20:19  Spine Crawler x2  
  109  20:20  Spine Crawler x2  
  104  20:25  Nydus Canal  
  104  20:30  Brood Lord x4  
  104  20:31  Brood Lord  
  114  20:36  Zergling x22, Zerg Ground Armor Level 2  
  114  20:37  Zergling x2  
  126  20:56  Infestor x5  
  126  20:57  Nydus Canal  
  113  21:31  Infestor x3  
  113  21:32  Infestor  
  68  22:04  Corruptor  
  68  22:05  Corruptor x4  
Tags
 
Add a new tag
Caveats
  • Supply blocks, unpowered buildings, or Contaminate may cause inaccurate times.
  • Supply counts are checked every 10 seconds.